 Dungeon Crawl Stone Soup version 0.30-a0-972-gf3ab3527aa (webtiles) character file.

Game seed: 4581393833852631011

334 Gorgondantess the Slasher (level 6, -5/54 HPs)
             Began as an Armataur Warper on Mar 31, 2023.
             Slain by Menkaure (12 damage)
             ... on level 4 of the Dungeon.
             The game lasted 00:06:47 (3305 turns).

Gorgondantess the Slasher (Armataur Warper)         Turns: 3305, Time: 00:06:48

Health: -5/54      AC:  8    Str: 18    XL:     6   Next: 27%
Magic:  9/9        EV:  8    Int: 14    God:
Gold:   236        SH:  0    Dex:  9    Spells: 2/9 levels left

rFire   . . .      SeeInvis .    x - +2 dagger (drain)
rCold   . . .      Faith    .    (no shield)
rNeg    . . .      Spirit   .    y - +0 ring mail
rPois   .          Reflect  .    j - +1 helmet
rElec   .          Roll     +    r - scarf {shadows}
rCorr   .                        (no gloves)
Will    .....                    (no barding) Stlth
                                 (no amulet)
HPRegen 0.29/turn                (no ring)
MPRegen 0.11/turn                (no ring)

@: no status effects
A: large, rugged brown scales 3, deformed body, armoured tail, roll, long
tongue, awkward tongue
a: no special abilities


You were on level 4 of the Dungeon.
You visited 1 branch of the dungeon, and saw 4 of its levels.

You collected 236 gold pieces.

Inventory:

Hand Weapons
 a - a +0 falchion
 s - a +0 rapier
 x - a +2 dagger of draining (weapon)
Missiles
 d - 7 boomerangs of dispersal (quivered)
 g - 2 throwing nets
 t - 7 poisoned darts
 u - 2 javelins
Armour
 b - a +0 leather armour
 j - a +1 helmet (worn)
 r - a scarf of shadows (worn)
 y - a +0 ring mail (worn)
Magical Staves
 v - a staff of air
Wands
 w - a wand of roots (6)
 z - a wand of flame (15)
Scrolls
 c - a scroll of blinking
 f - 5 scrolls of identify {unknown}
 h - 2 scrolls of fog {unknown}
 i - a scroll of vulnerability {unknown}
 l - 2 scrolls of magic mapping {unknown}
 m - 3 scrolls of teleportation {unknown}
 B - a scroll of amnesia {unknown}
 C - a scroll of poison {unknown}
Potions
 e - a potion of haste {unknown}
 k - a potion of heal wounds {unknown}
 n - a potion of brilliance {unknown}
 o - 2 potions of resistance {unknown}
 p - 2 potions of curing {unknown}
 q - 3 potions of invisibility {unknown}
 A - a potion of attraction {unknown}


   Skills:
 + Level 3.3 Fighting
 * Level 2.2(3.3) Short Blades
 - Level 3.6(4.0) Long Blades
 + Level 1.8 Throwing
 + Level 2.6 Armour
 - Level 1.3 Dodging
 - Level 2.0 Spellcasting
 + Level 3.0 Translocations
 + Level 0.1 Air Magic


You had 2 spell levels left.
You knew the following spells:

 Your Spells              Type           Power      Damage    Failure   Level
a - Blink                 Tloc           18%        N/A       19%         2
b - Vhi's Electric Charg  Tloc/Air       10%        N/A       54%         3
c - Momentum Strike       Conj/Tloc      10%        3d8       32%         2

Your spell library contained the following spells:

 Spells                   Type           Power      Damage    Failure   Level
 Lesser Beckoning         Tloc           18%        N/A       19%         2
 Teleport Other           Tloc           9%         N/A       34%         3
 Manifold Assault         Tloc           9%         N/A       75%         4
 Summon Guardian Golem    Hex/Summ       1%         N/A       77%         3
 Orb of Destruction       Conj           0%         9d5       100%        7
 Spellforged Servitor     Conj/Summ      0%         N/A       100%        7


Dungeon Overview and Level Annotations

Branches:
Dungeon (4/15)
 Temple: D:4-7

Altars:

Annotations:
D:4 Menkaure


Innate Abilities, Weirdness & Mutations

You are completely covered in rugged brown scales. (AC +3, +7% HP)
Armour fits poorly on your strangely shaped body.
You have a long armoured tail.
You roll when moving toward enemies. (Rampage)
Your long tongue fully drains potion bottles. (2x potion effects)
Your tongue gives you trouble enunciating. (1.5x scroll delay)


Message History

Press: ? - help, Shift-Dir - straight line The roots erupt in riotous growth!
Roots grab Menkaure.
The grasping roots constrict Menkaure.
Menkaure gestures at you while chanting.
You barely resist.
Unknown command.
You hit Menkaure but do no damage.
Menkaure is lightly damaged.
The grasping roots constrict Menkaure!
The roots release their grip on Menkaure.
You hit Menkaure.
Menkaure is heavily damaged.
Menkaure mumbles some strange words.
Menkaure seems to speed up.
You hit Menkaure but do no damage.
Menkaure is heavily damaged.
Menkaure hits you but does no damage.
You hit Menkaure but do no damage. You tail-slap Menkaure.
Menkaure is severely damaged.
Menkaure screams, "Why can't you leave me to my rest?"
Menkaure hits you!!
You completely miss Menkaure. You tail-slap Menkaure.
Menkaure is almost destroyed.
Menkaure hits you but does no damage.
You barely miss Menkaure.
Your tail-slap misses Menkaure.
Menkaure is almost destroyed.
Menkaure hits you.
You hit Menkaure but do no damage.
Your tail-slap misses Menkaure.
Menkaure is almost destroyed.
Menkaure barely misses you.
You hit Menkaure but do no damage.
Menkaure is almost destroyed.
Menkaure casts a spell at you. Pain shoots through your body!
* * * LOW HITPOINT WARNING * * *
You hit Menkaure but do no damage.
Menkaure is almost destroyed.
Menkaure hits you!
You die...

.#.....## ###.#
.......... ....##
..#...#.#) .... .
##.##.#. #..#
#####.....#
#..###......#.## ###
#..##...)......#
##...###..##..###.####.
#....$@.......# #.# ##.
.....M##..###.###.# #..
#..... #..........# #.#
##...# #.####.##### #..
..##. #.# #..# ##. . ..
..# ##.# #> ## .### #.#
.. #.# . #.# .


You could see Menkaure (fast).

Vanquished Creatures
  Grinder (D:4)
  A sleepcap (D:4)
  4 adders
  3 worms
  3 dart slugs
  An orc (D:4)
  7 bats
  3 endoplasms
  4 giant cockroaches
  4 goblins
  2 hobgoblins
  9 jackals
  4 quokkas
  5 ball pythons
  2 frilled lizards
  8 kobolds
  2 rats
63 creatures vanquished.

Notes
Turn   | Place    | Note
-------+----------+-------------------------------------------
     0 | D:1      | Gorgondantess the Armataur Warper began the quest for the
                  | Orb.
     0 | D:1      | Reached XP level 1. HP: 18/18 MP: 3/3
   133 | D:1      | Reached XP level 2. HP: 24/25 MP: 4/4
   140 | D:1      | Learned a level 2 spell: Blink
   437 | D:1      | Reached XP level 3. HP: 26/31 MP: 6/6
  1178 | D:2      | Reached XP level 4. HP: 16/39 MP: 7/7
  2875 | D:4      | Noticed Grinder
  2894 | D:4      | Paralysed by Grinder for 2 turns
  2907 | D:4      | Killed Grinder
  2908 | D:4      | Reached skill level 1 in Throwing
  2908 | D:4      | Reached XP level 5. HP: 8/48 MP: 8/8
  2908 | D:4      | Reached XP level 6. HP: 10/54 MP: 9/9
  2912 | D:4      | Learned a level 3 spell: Vhi's Electric Charge
  3288 | D:4      | Learned a level 2 spell: Momentum Strike
  3292 | D:4      | Noticed Menkaure
  3305 | D:4      | Slain by Menkaure

Illustrated notes

Levels and vault maps discovered:
D:1:      psy_arrival_radial01, layout_basic
D:2:      layout_basic, minmay_misc_feat_plants
D:3:      layout_basic
D:4:      layout_loops_ring, minmay_temple_entry_arrows, uniq_menkaure,
          uniq_grinder

Skill      XL: |  1  2  3  4 |
---------------+-------------+-----
Long Blades    | 2 3 |  3.6
Fighting       | 2 3 |  3.3
Spellcasting   | 2 |  2.0
Short Blades   | 2 |  2.2
Throwing       | 1 |  1.8
Armour         | 2 |  2.6
Dodging        | |  1.3
Translocations | |  3.0
Air Magic      | |  0.1

Action                     |  1- 3 |  4- 6 || total
---------------------------+-------+-------++-------
  Melee: Falchion          |   184 |    48 ||   232
         Tailslap          |    21 |    14 ||    35
         Dagger            |       |    52 ||    52
         Punch             |       |     1 ||     1
  Throw: Dart              |       |     1 ||     1
  Evoke: Wand              |       |     4 ||     4
 Armour: Leather armour    |   100 |    16 ||   116
         Ring mail         |       |    16 ||    16
  Dodge: Dodged            |   122 |    38 ||   160

Table legend: (Time is in decaauts)
 A = Elapsed time spent in this place.
 B = Non-inter-level travel time spent in this place.
 C = Inter-level travel time spent in this place.
 D = Time resting spent in this place.
 E = Time spent auto-exploring this place.
 F = Levels seen in this place.
 G = Mean time per level.
                   A        B        C        D        E       F      G
               +--------+--------+--------+--------+--------+-----+--------+
         Total |   3334 |   3237 |     97 |    246 |   2378 |   4 |  833.5 |
       Dungeon |   3334 |   3237 |     97 |    246 |   2378 |   4 |  833.5 |
               +--------+--------+--------+--------+--------+-----+--------+

Top non-repeatable levels by time:
     D:2: 1250 daAuts
     D:3: 930 daAuts
     D:1: 742 daAuts
     D:4: 411 daAuts
